Map: Catalyst LE

Players

JagrsMullets

  • Race: Zerg Zerg
  • Spawn Location: 11:00

A.I. 1 (Hard) - Winner!

  • Race: Protoss Protoss
  • Spawn Location: 5:00

VOD

Have the link to the VOD?

Description

Time

  • Played on: Dec. 18, 2017, 3:16 a.m.
  • Length: 21:15
Show
View Real Time Build Order
Export as new Build Order

JagrsMullets Zerg 

Build Orders: Pool First 

Get SALT Encoding   

  12  0:02  Drone  
  13  0:08  Drone  
  14  0:17  Overlord  
  14  0:36  Spawning Pool  
  14  0:40  Drone  
  14  0:46  Overlord  
  14  0:52  Drone  
  15  1:01  Extractor  
  14  1:06  Extractor  
  14  1:11  Drone  
  14  1:19  Drone  
  14  1:20  Drone  
  14  1:24  Queen  
  18  1:27  Drone  
  19  1:39  Drone  
  20  2:01  Lair  
  20  2:21  Hatchery  
  19  2:24  Zergling x2  
  19  2:25  Zergling x2  
  19  2:27  Zergling x2  
  22  2:35  Metabolic Boost  
  22  2:39  Drone  
  23  2:50  Drone x2  
  25  3:08  Drone x2  
  27  3:17  Hydralisk Den  
  26  3:23  Drone  
  27  3:42  Overlord, Drone  
  28  3:49  Overlord  
  28  3:55  Spire  
  28  3:57  Drone  
  28  4:06  Drone  
  28  4:07  Drone  
  30  4:33  Pneumatized Carapace  
  30  4:35  Hydralisk x3  
  36  4:39  Hydralisk x3  
  43  4:45  Drone x2  
  44  4:53  Muscular Augments  
  44  5:01  Overlord  
  44  5:03  Overlord  
  44  5:24  Zergling x4  
  44  5:26  Mutalisk x2  
  47  6:04  Mutalisk x2  
  47  6:09  Hydralisk  
  53  6:11  Zergling x2  
  53  6:12  Zergling x2  
  55  6:22  Extractor  
  54  6:27  Extractor  
  54  6:28  Drone  
  54  6:29  Drone x2  
  56  6:35  Drone x2  
  58  7:04  Overlord x3  
  58  7:07  Drone x2  
  60  7:20  Spine Crawler  
  59  7:22  Spine Crawler  
  59  7:25  Drone x2  
  60  7:38  Infestation Pit  
  60  7:40  Drone x3  
  62  7:46  Hydralisk x3  
  60  8:54  Mutalisk x2  
  60  8:55  Mutalisk  
  66  8:58  Mutalisk x2  
  66  8:59  Mutalisk  
  72  9:04  Zerg Flyer Weapons Level 1  
  66  9:58  Drone, Hatchery  
  66  9:59  Drone x2  
  68  10:04  Overlord x3  
  68  10:08  Hive  
  68  10:30  Lurker Den  
  67  10:40  Hydralisk x2  
  71  10:43  Hydralisk x3  
  77  10:59  Zerg Flyer Armor Level 1  
  77  11:14  Drone x2  
  77  11:18  Drone  
  80  11:33  Drone x2  
  80  11:38  Extractor  
  81  11:41  Extractor, Mutalisk  
  81  11:42  Mutalisk x2  
  86  11:52  Adrenal Glands  
  86  12:00  Adaptive Talons  
  86  12:11  Ultralisk Cavern  
  86  12:13  Drone x2  
  86  12:14  Drone  
  88  12:20  Drone x2  
  88  12:21  Drone  
  91  12:23  Drone x2  
  91  12:24  Drone  
  76  12:52  Zerg Flyer Weapons Level 2  
  74  13:04  Mutalisk x3  
  80  13:11  Ultralisk x3  
  98  13:14  Ultralisk x2  
  98  13:17  Overlord  
  110  13:42  Overlord  
  110  13:43  Overlord  
  110  15:08  Ultralisk x3  
  110  15:12  Mutalisk x3  
  110  15:13  Mutalisk x2  
  138  15:15  Overlord  
  138  15:17  Overlord  
  138  15:18  Overlord x3  
  138  15:21  Overlord x2  
  138  15:52  Evolution Chamber  
  137  16:00  Evolution Chamber  
  137  16:02  Evolution Chamber  
  99  16:37  Ultralisk x3  
  117  16:41  Mutalisk x2  
  117  16:42  Mutalisk  
  123  16:49  Hydralisk x3  
  71  18:40  Mutalisk x2  
  71  18:41  Mutalisk  
  55  18:43  Hydralisk x3  
  55  18:47  Hydralisk x3  
  63  18:50  Queen  
  65  19:05  Zergling x4  
  67  19:16  Ultralisk x2  
  79  19:20  Ultralisk  
  85  19:44  Zergling x6  
  88  20:02  Hydralisk x2  
  88  20:03  Hydralisk x4  
  81  20:16  Spore Crawler  
  81  20:20  Spore Crawler  
  54  20:22  Spore Crawler  
  54  20:23  Spore Crawler  
  54  20:25  Spore Crawler  
  54  20:27  Spore Crawler  
  47  20:29  Spore Crawler  
  29  20:37  Hydralisk x2  
  29  20:38  Hydralisk x2  
  42  20:45  Hydralisk  
  42  20:46  Hydralisk x2  
  38  20:59  Spore Crawler  
  38  21:01  Spore Crawler  
  38  21:02  Spore Crawler  
  38  21:03  Spore Crawler  
  34  21:04  Spore Crawler  
  34  21:05  Spore Crawler  
Show
View Real Time Build Order
Export as new Build Order

A.I. 1 (Hard) Protoss - Winner!

Build Orders:  

Get SALT Encoding   

  12  0:00  Probe  
  13  0:13  Probe  
  14  0:19  Pylon  
  14  0:25  Probe  
  15  0:38  Probe  
  15  0:40  Gateway  
  16  0:48  Assimilator  
  16  0:50  Probe  
  17  1:01  Pylon  
  17  1:02  Probe  
  18  1:14  Probe  
  19  1:26  Probe  
  19  1:30  Zealot  
  19  1:31  Cybernetics Core  
  22  1:45  Gateway  
  22  1:49  Assimilator  
  22  1:57  Zealot  
  24  2:04  Pylon  
  24  2:11  Warp Gate  
  24  2:24  Zealot  
  26  2:32  Zealot  
  28  2:42  Pylon  
  28  2:51  Zealot  
  30  2:59  Stalker  
  30  3:02  Probe  
  33  3:14  Probe  
  33  3:18  Stalker  
  36  3:20  Pylon  
  36  3:26  Probe  
  37  3:29  Adept  
  37  3:32  Forge  
  39  3:38  Probe  
  40  3:48  Zealot  
  40  3:50  Probe  
  43  4:02  Probe  
  44  4:21  Probe  
  44  4:53  Protoss Ground Weapons Level 1, Adept  
  44  4:55  Gateway  
  44  4:58  Pylon  
  46  5:01  Sentry  
  48  5:09  Photon Cannon  
  48  5:13  Adept  
  50  5:17  Robotics Facility  
  50  5:24  Sentry  
  50  5:27  Pylon  
  52  5:33  Stalker  
  48  5:47  Adept  
  46  5:56  Stalker  
  48  6:00  Photon Cannon  
  48  6:04  Stalker  
  48  6:06  Observer  
  48  6:08  Stargate  
  51  6:13  Stalker  
  51  6:15  Nexus  
  53  6:25  Adept  
  53  6:27  Observer  
  56  6:34  Adept  
  58  6:43  Twilight Council  
  58  6:48  Protoss Ground Armor Level 1  
  58  6:53  Forge  
  58  7:28  Probe  
  58  7:29  Probe  
  60  7:36  Pylon  
  60  7:38  Pylon  
  60  7:40  Probe  
  60  7:41  Assimilator  
  60  7:42  Probe  
  62  7:52  Probe  
  62  7:54  Probe  
  64  8:04  Probe  
  65  8:06  Probe  
  65  8:07  Photon Cannon  
  65  8:09  Photon Cannon  
  66  8:13  Photon Cannon  
  66  8:16  Probe  
  66  8:18  Probe  
  68  8:28  Probe  
  68  8:30  Probe  
  70  8:36  Stalker x2  
  70  8:40  Probe  
  70  8:42  Probe  
  71  8:50  Immortal  
  71  8:52  Gateway, Probe  
  76  8:56  Robotics Facility  
  76  8:57  Stargate  
  72  9:20  Zealot  
  74  9:26  Stalker  
  74  9:29  Observer  
  77  9:31  Stalker  
  79  9:41  Probe  
  79  9:42  Warp Prism, Probe  
  83  9:49  Blink  
  83  9:50  Warp Prism  
  85  9:56  Nexus, Pylon  
  85  10:13  Protoss Ground Weapons Level 2  
  85  10:17  Warp Prism  
  85  10:19  Protoss Ground Armor Level 2  
  87  10:26  Immortal  
  91  10:40  Robotics Bay  
  91  10:51  Protoss Air Weapons Level 1  
  91  11:05  Assimilator  
  91  11:09  Probe  
  91  11:10  Probe  
  93  11:12  Probe  
  94  11:19  Pylon  
  94  11:21  Probe, Pylon  
  94  11:22  Probe  
  94  11:24  Probe  
  97  11:27  Gravitic Drive  
  97  11:33  Probe  
  97  11:35  Templar Archives, Probe  
  97  11:36  Probe  
  100  11:41  Photon Cannon  
  100  11:45  Probe  
  101  11:47  Photon Cannon, Probe  
  101  11:48  Probe  
  101  11:54  Dark Shrine  
  103  11:57  Probe  
  103  11:59  Probe  
  105  12:01  Probe  
  106  12:09  Probe  
  106  12:10  Fleet Beacon  
  106  12:11  Probe  
  106  12:13  Probe, High Templar  
  111  12:19  Assimilator, High Templar  
  111  12:20  Assimilator  
  113  12:24  Observer Gravitic Boosters  
  113  12:29  Protoss Shields Level 1  
  113  12:38  Archon, High Templar  
  105  12:44  Zealot  
  105  12:45  Protoss Air Armor Level 1  
  105  12:50  Zealot  
  93  12:55  Zealot  
  83  13:02  Immortal  
  85  13:07  Stalker  
  87  13:13  Stalker  
  87  13:19  Immortal  
  93  13:24  High Templar  
  95  13:30  Zealot  
  95  13:34  Psionic Storm  
  97  13:36  Adept  
  99  13:42  Sentry  
  99  13:48  Protoss Ground Weapons Level 3  
  101  13:49  Archon  
  101  13:51  Stalker  
  103  13:56  Dark Templar  
  105  14:04  High Templar  
  107  14:10  High Templar  
  109  14:24  Protoss Shields Level 2  
  109  14:27  Archon, High Templar  
  111  14:51  Archon, High Templar  
  113  14:56  High Templar  
  115  15:15  Nexus  
  115  15:30  Protoss Air Weapons Level 2  
  115  15:51  Colossus  
  121  16:03  Carrier  
  127  16:09  Pylon  
  127  16:10  Stalker  
  129  16:16  Stalker  
  117  16:23  Zealot  
  91  16:29  Stalker  
  89  16:36  Zealot  
  91  16:41  Pylon  
  91  16:42  Stalker  
  91  16:43  Pylon  
  91  16:44  Assimilator  
  93  16:48  Assimilator, Sentry  
  95  16:55  Stalker  
  95  16:59  Photon Cannon  
  97  17:01  Stalker  
  97  17:04  Photon Cannon  
  97  17:08  Sentry  
  91  17:14  Sentry  
  83  17:21  Adept  
  81  17:26  Probe  
  81  17:28  Immortal  
  85  17:33  Colossus  
  85  17:36  Probe  
  90  17:38  Void Ray  
  90  17:39  Probe  
  90  17:41  Pylon, Probe  
  90  17:42  Pylon  
  84  17:44  Carrier  
  84  17:48  Probe  
  84  17:51  Zealot, Probe  
  82  17:53  Probe  
  82  17:57  Stalker  
  83  18:03  Probe  
  83  18:05  Probe  
  77  18:07  Immortal  
  77  18:09  Zealot  
  75  18:13  Zealot  
  75  18:15  Probe  
  75  18:17  Zealot, Probe  
  75  18:19  Nexus  
  78  18:20  Zealot  
  80  18:27  Void Ray, Immortal  
  80  18:28  Probe  
  80  18:29  Probe  
  86  18:34  Stalker  
  86  18:35  Assimilator  
  86  18:40  Stalker, Probe  
  85  18:41  Probe  
  85  18:47  Stalker, Nexus  
  88  18:51  Assimilator  
  88  18:52  Probe  
  88  18:53  Sentry, Probe  
  92  19:00  Zealot  
  94  19:04  Probe  
  94  19:05  Probe  
  94  19:06  Zealot  
  98  19:12  Stalker  
  98  19:16  Probe  
  101  19:17  Probe  
  101  19:19  Stalker  
  104  19:25  Stalker  
  104  19:28  Probe  
  104  19:30  Probe  
  108  19:32  Sentry, Probe  
  111  19:38  Adept  
  111  19:40  Probe  
  111  19:41  Colossus  
  111  19:42  Probe  
  111  19:44  Probe  
  122  19:45  Zealot  
  122  19:49  Photon Cannon, Zealot  
  122  19:50  Photon Cannon  
  122  19:52  Probe  
  127  19:54  Probe  
  127  19:55  Zealot  
  127  19:56  Probe  
  127  19:57  Pylon  
  127  19:58  Adept  
  127  19:59  Probe  
  134  20:04  Probe  
  134  20:06  Probe  
  136  20:11  Probe  
  136  20:12  Probe  
  136  20:16  Probe  
  136  20:19  Probe  
  138  20:23  Probe  
  139  20:28  Probe  
  139  20:29  Probe  
  139  20:31  Stalker  
  141  20:35  Probe  
  141  20:36  Probe  
  143  20:46  Pylon  
  143  20:49  Pylon  
Tags
 
Matchup
PvZ
Opening
Pool First
Spawn Locations
Cross Positions
Add a new tag
Caveats
  • Supply blocks, unpowered buildings, or Contaminate may cause inaccurate times.
  • Supply counts are checked every 10 seconds.